 Dungeon Crawl Stone Soup version 0.25-a0-471-g78e40d7af6 (webtiles) character file.

Game seed: 9185010154458400975, levelgen mode: deterministic

79909 RedPan the Basher (level 15, -9/115 HPs)
             Began as a White Draconian Ice Elementalist on Feb 6, 2020.
             Was a High Priest of Sif Muna.
             Killed by divine providence
             ... invoked by Saint Roka
              (13 damage)
             ... on level 2 of the Orcish Mines.
             The game lasted 01:57:00 (34491 turns).

RedPan the Basher (DrIE)                           Turns: 34491, Time: 01:57:01

Health: -9/115     AC: 15    Str: 19      XL:     15   Next: 22%
Magic:  30/38      EV: 17    Int: 24      God:    Sif Muna [*****.]
Gold:   1250       SH:  7    Dex: 11 (12) Spells: 9/34 levels left

rFire    + . .     SeeInvis +   U - +4 flail
rCold    + + +     Gourm    +   K - +1 buckler
rNeg     + . .     Faith    .   (armour unavailable)
rPois    +         Spirit   .   H - +2 hat {SInv}
rElec    +         Reflect  .   C - +2 cloak {rPois}
rCorr    +         Harm     .   m - +0 pair of gloves
MR       +....                  (no boots)
Stlth    ++........             y - amulet of the gourmand
HPRegen  0.29/turn              S - ring "Desytebbe" {+Fly rC+ rN+ Int+3}
MPRegen  0.26/turn              F - ring of Ujotwuj {MP+9 Str+3}

@: mighty, about to teleport, resistant, lightly drained
A: breathe frost, unfitting armour, cold resistance 1, deterioration 1,
cold-blooded, AC +9
a: Breathe Frost, Channel Magic, Forget Spell, Divine Exegesis, Renounce
Religion, Evoke Flight


You were on level 2 of the Orcish Mines.
You worshipped Sif Muna.
Sif Muna was extremely pleased with you.
You were very full.

You visited 4 branches of the dungeon, and saw 24 of its levels.
You also visited: Sewer.

You collected 3546 gold pieces.
You spent 2296 gold pieces at shops.

Inventory:

Hand Weapons
 G - the +3 dire flail of the Extremely Mad {venom, Dex+2}
   (You acquired it on level 1 of the Lair of Beasts)

   It poisons the flesh of those it strikes.
   It affects your dexterity (+2).
 R - a +4 dire flail of protection
 U - a +4 flail (weapon)
Armour
 m - a +0 pair of gloves (worn)
 C - a +2 cloak of poison resistance (worn)
 H - a +2 hat of see invisible (worn)
 K - a +1 buckler (worn)
Jewellery
 u - an uncursed ring of protection from magic
 y - an amulet of the gourmand (around neck)
 F - the ring of Ujotwuj (right hand) {MP+9 Str+3}
   (You found it on level 1 of the Lair of Beasts)

   [ring of magical power]

   It affects your strength (+3).
   It affects your magic capacity (+9).
 O - a +3 ring of protection
 P - an uncursed ring of see invisible
 S - the ring "Desytebbe" (left hand) {+Fly rC+ rN+ Int+3}
   (You found it on level 13 of the Dungeon)

   [ring of positive energy]

   It affects your intelligence (+3).
   It protects you from cold.
   It protects you from negative energy.
   It lets you fly.
 V - an uncursed ring of fire
Wands
 q - a wand of flame (86)
 v - a wand of iceblast (33)
 A - a wand of disintegration (14)
 J - a wand of enslavement (15)
 L - a wand of scattershot (9)
 N - a wand of random effects (13)
 Q - a wand of clouds (6)
Scrolls
 c - 5 scrolls of magic mapping
 g - 3 scrolls of enchant weapon
 h - 17 scrolls of teleportation
 i - 9 scrolls of remove curse
 o - a scroll of enchant armour
 s - 3 scrolls of amnesia
 t - 5 scrolls of fog
 E - 4 scrolls of identify
 Y - a scroll of silence
Potions
 a - 9 potions of brilliance
 d - 5 potions of berserk rage
 e - 10 potions of curing
 f - 3 potions of might
 j - a potion of resistance
 k - a potion of flight
 l - 2 potions of haste
 n - 5 potions of lignification
 p - 2 potions of mutation
 r - 2 potions of agility
 x - a potion of invisibility
 D - 2 potions of magic
 T - 2 potions of heal wounds
Comestibles
 b - 47 rations
 W - 2 chunks of flesh


   Skills:
 + Level 6.2(5.9) Fighting
 - Level 12.0(11.6) Maces & Flails
 + Level 11.2(10.8) Dodging
 - Level 2.0(1.7) Stealth
 + Level 8.9(8.5) Shields
 - Level 10.0(9.6) Spellcasting
 - Level 2.2(1.9) Conjurations
 - Level 2.0(1.7) Charms
 - Level 6.0(5.7) Summonings
 + Level 5.2(4.9) Transmutations
 - Level 10.2(9.9) Ice Magic
 - Level 3.0(2.7) Air Magic
 + Level 5.4(5.0) Earth Magic
 - Level 10.0(9.7) Invocations


You had 9 spell levels left.
You knew the following spells:

 Your Spells              Type           Power        Failure   Level  Hunger
a - Freeze                Ice            ####         1%          1    None
b - Frozen Ramparts       Ice            ######       1%          3    None
c - Summon Ice Beast      Ice/Summ       #####...     2%          4    #......
d - Ozocubu's Armour      Chrm/Ice       #####...     1%          3    None
e - Hailstorm             Conj/Ice       #####...     4%          4    #......
f - Swiftness             Chrm/Air       ###.....     3%          2    None
g - Passwall              Tmut/Erth      #####...     1%          2    None
h - Statue Form           Tmut/Erth      #####....    71%         6    ######.

Your spell library contained the following spells:

 Spells                   Type           Power        Failure   Level  Hunger
 Sandblast                Erth           #####.       1%          1    None
 Summon Butterflies       Summ           #####...     1%          1    None
 Summon Small Mammal      Summ           ####         1%          1    None
 Call Imp                 Summ           #####...     1%          2    None
 Ensorcelled Hibernation  Hex/Ice        #####.       1%          2    None
 Call Canine Familiar     Summ           #####...     1%          3    None
 Shock                    Conj/Air       ###.         2%          1    None
 Stone Arrow              Conj/Erth      ####..       4%          3    None
 Static Discharge         Conj/Air       ###.....     6%          3    None
 Petrify                  Tmut/Erth      #####...     7%          4    #......
 Spectral Weapon          Hex/Chrm       ###.....     12%         3    None
 Aura of Abjuration       Summ           #####.....   14%         5    ####...
 Summon Demon             Summ           #####.....   14%         5    ####...
 Gell's Gravitas          Tloc           ##........   17%         3    None
 Teleport Other           Tloc           ##......     17%         3    None
 Airstrike                Air            ###.......   19%         4    #......
 Lee's Rapid Deconstruct  Erth           #####.....   19%         5    ####...
 Iskenderun's Mystic Bla  Conj/Tloc      ###.....     36%         4    #......
 Sticky Flame             Conj/Fire      ###.....     36%         4    #......
 Irradiate                Conj/Tmut      ####......   36%         5    ####...
 Summon Mana Viper        Hex/Summ       ####....     43%         5    ####...
 Bolt of Magma            Conj/Fire/Erth ###.......   52%         5    ####...
 Lightning Bolt           Conj/Air       ###.......   52%         5    ####...
 Iskenderun's Battlesphe  Conj/Chrm      ###.....     58%         5    ####...
 Fireball                 Conj/Fire      ###.......   71%         5    ####...
 Hydra Form               Tmut           #####.....   73%         6    ######.
 Freezing Cloud           Conj/Ice/Air   ####......   75%         6    ######.
 Iron Shot                Conj/Erth      ####......   90%         6    ######.
 Dragon Form              Tmut           #####.....   99%         7    #######
 Summon Greater Demon     Summ           #####.....   99%         7    #######
 Summon Hydra             Summ           #####.....   99%         7    #######
 Orb of Destruction       Conj           ###.......   100%        7    #######
 Spellforged Servitor     Conj/Summ      ####......   100%        7    #######
 Controlled Blink         Tloc           N/A          100%        8    #######


Dungeon Overview and Level Annotations

Branches:
Dungeon (15/15)            Temple (1/1) D:6            Lair (6/6) D:8
  Swamp (0/4) Lair:3        Snake (0/4) Lair:3        Slime (0/5) Lair:5
    Orc (2/2) D:11            Elf (0/3) Orc:2        Vaults (0/5) D:13
 Depths (0/5) D:15          Sewer (visited)

Altars:
Ashenzari
Cheibriados
Dithmenos
Elyvilon
Fedhas
Gozag
Hepliaklqana
Kikubaaqudgha
Makhleb
Nemelex Xobeh
Okawaru
Qazlal
Ru
Sif Muna
Trog
Uskayaw
Vehumet
Wu Jian
Xom
Yredelemnul
Zin
The Shining One
Beogh
Jiyva

Shops:
D:4 %   D:6 *   D:13 *   D:14 *   Orc:2 ?=*!

Annotations:
D:1 1 runed translucent door
D:5 1 runed translucent door, Supaplex's ghost, novice DsFi
Lair:5 1 runed translucent door
Orc:2 Saint Roka


Innate Abilities, Weirdness & Mutations

You can breathe waves of freezing cold.
You can buffet flying creatures when you breathe cold.
Your icy white scales are hard. (AC +9)
You cannot fit into any form of body armour.
Your flesh is cold resistant. (rC+)
You are cold-blooded and may be slowed by cold attacks.
Your body sometimes deteriorates upon taking damage.


Message History

The walls release a blast of icicles at Saint Roka!
Saint Roka partially resists.
Saint Roka is encased in ice.
Saint Roka roars a battlecry!
The orc wizard goes into a battle-frenzy!
As you read the scroll of teleportation, it crumbles to dust.
You feel strangely unstable.
The frozen ramparts melt away.
The orc wizard is no longer encased in ice.
Your ice beast hits Saint Roka.
Your ice beast freezes Saint Roka.
Saint Roka resists.
Your ice beast barely misses Saint Roka.
The orc wizard miscasts a cantrip.
Saint Roka invokes the aid of Beogh against you.
Beogh smites you!
* * * LOW HITPOINT WARNING * * *
Unknown command.
Your ice beast barely misses Saint Roka.
Your ice beast hits Saint Roka but does no damage.
Saint Roka mumbles some strange prayers to Beogh against you.
Beogh smites you!
You die...

..#...))#(## #..........#
...........###..........#
.......)....#....∩......#
......>....#.....[.....##
#.....................##
......................##
.......#...............#
........#......∩.......#
.......#........@......#
.......................#
......................##
...............#.......#
.............o#.o....∩.#
...........)[.#YY......#
............)).........#
...... ....)).........##
...... ....)##.......##


You could see Saint Roka, an orc wizard and 2 friendly ice beasts.

Vanquished Creatures
  Frances (D:13)
  Nessos (D:14)
  An ettin (Orc:2)
  A fire dragon (Lair:6)
  Harold (D:7)
  2 centaur warriors
  5 hydras
  An ogre mage (Orc:2)
  A death knight (D:11)
  4 two-headed ogres
  9 skeletal warriors
  Nergalle (Lair:1)
  A fire crab (Lair:6)
  An unseen horror (D:14)
  A deep troll (Orc:2)
  A wizard (D:14)
  Pikel (D:8)
  2 orc knights
  An orc sorcerer (Orc:2)
  4 cyclopes
  2 deep elf magi
  4 manticores
  3 centaur zombies
  Psyche (D:12)
  4 black mambas
  7 spiny frogs
  A torpor snail (Lair:6)
  3 freezing wraiths
  An orange demon (D:15)
  Maggie (D:7)
  A rime drake (Lair:3)
  2 centaur skeletons
  2 kobold demonologists (D:14)
  3 komodo dragons
  2 ice devils (Lair:1)
  A tengu conjurer (D:15)
  9 trolls
  A tyrant leech (Lair:3)
  4 slime creatures
  Prince Ribbit (D:9)
  Grinder (D:3)
  A meliai zombie (D:14)
  4 blink frogs
  4 dream sheep (Lair:4)
  5 hippogriffs
  A shadow (D:15)
  4 wyverns
  4 hogs (D:7)
  2 basilisks
  27 yaks
  2 fire elementals (D:12)
  A human (D:7)
  Menkaure (D:4)
  6 vampire mosquitoes
  An acid dragon (D:12)
  A hell hound (Lair:5)
  6 porcupines
  7 water moccasins
  3 ice beasts
  2 slaves (D:8)
  3 phantoms
  15 orc warriors
  8 wolves
  A sky beast (D:14)
  2 black bears (D:6)
  22 ogres
  9 centaurs
  4 crocodiles
  3 big kobolds
  19 bullfrogs
  2 wyvern zombies
  8 scorpions
  A water moccasin skeleton (D:7)
  13 wights
  19 killer bees
  2 vampire bats (D:3)
  An electric eel (D:13)
  5 howler monkeys
  10 crimson imps
  4 bullfrog zombies
  7 lava snakes
  A quasit (D:7)
  4 jellies
  10 orc priests
  2 gnoll shamans
  9 hounds
  3 bullfrog skeletons
  4 iguanas
  11 orc wizards
  7 worker ants
  A hound zombie (D:10)
  2 hound skeletons
  Robin (D:4)
  2 worker ant zombies (D:5)
  18 adders
  11 gnolls
  3 river rats (Sewer)
  4 shadow imps
  5 oozes
  2 adder zombies
  3 adder skeletons
  7 worms
  4 dart slugs
  7 leopard geckos
  86 orcs
  12 bats
  6 giant cockroaches
  18 goblins
  6 hobgoblins
  11 jackals
  7 quokkas
  3 ball pythons (Sewer)
  4 frilled lizards
  20 kobolds
  A leopard gecko skeleton (D:6)
  A leopard gecko zombie (D:8)
  A quokka skeleton (D:8)
  9 rats
  2 fungi (Lair:6)
642 creatures vanquished.

Vanquished Creatures (collateral kills)
  An ironheart preserver (D:13)
  Snorg (D:11)
  3 hydras
  An ogre mage (Orc:2)
  9 two-headed ogres
  Urug (D:13)
  3 skeletal warriors
  A sea snake (shapeshifter) (D:15)
  2 deep trolls
  An orc knight (D:15)
  3 manticores
  2 black mambas (Lair:6)
  4 molten gargoyles
  A centaur zombie (D:11)
  An orange demon (D:15)
  2 spiny frogs
  7 komodo dragons
  2 trolls
  11 blink frogs
  3 slime creatures
  7 hippogriffs
  2 wyverns (Lair:6)
  A vampire (D:13)
  15 yaks
  4 basilisks
  A wraith (D:12)
  A warg (Lair:1)
  2 nagas (Lair:3)
  3 hell hounds (Lair:6)
  5 water moccasins
  5 orc warriors
  A porcupine (Lair:3)
  2 slaves (D:8)
  3 ogres
  An ice beast (D:11)
  6 wolves
  A necrophage (D:13)
  A centaur (D:11)
  6 crocodiles
  A big kobold (D:10)
  2 bullfrogs
  2 killer bees (D:12)
  2 wights (D:11)
  A howler monkey (D:11)
  5 electric eels (D:13)
  3 lava snakes
  3 crimson imps
  4 orc priests
  3 orc wizards
  An iguana (D:8)
  A worker ant zombie (D:11)
  An adder (D:12)
  3 gnolls (D:6)
  4 orcs
162 creatures vanquished.

Vanquished Creatures (others)
  An orc wizard (Orc:2)
  2 bushes (Lair:6)
  35 fungi
  19 plants
57 creatures vanquished.

Grand Total: 861 creatures vanquished

Notes
Turn   | Place    | Note
-------+----------+-------------------------------------------
     0 | D:1      | RedPan the Draconian Ice Elementalist began the quest for
                  | the Orb.
     0 | D:1      | Reached XP level 1. HP: 14/14 MP: 3/3
     0 | D:1      | Noticed a jelly
     2 | D:1      | Found a runed translucent door.
   173 | D:1      | Reached XP level 2. HP: 4/20 MP: 0/5
   815 | D:1      | Reached XP level 3. HP: 11/26 MP: 3/6
   913 | D:1      | Learned a level 3 spell: Frozen Ramparts
  1544 | D:2      | Reached XP level 4. HP: 33/33 MP: 3/8
  2171 | D:2      | Reached skill level 5 in Ice Magic
  2831 | D:3      | Found a glowing drain.
  2836 | Sewer    | Entered a sewer
  2843 | Sewer    | Reached XP level 5. HP: 28/38 MP: 6/10
  3016 | Sewer    | Learned a level 4 spell: Summon Ice Beast
  3020 | Sewer    | Learned a level 3 spell: Ozocubu's Armour
  3298 | Sewer    | Reached skill level 1 in Summonings
  3404 | Sewer    | Reached XP level 6. HP: 45/45 MP: 6/12
  3614 | D:3      | Found a hazy altar of Hepliaklqana.
  3615 | D:3      | Found a glowing silver altar of Zin.
  3625 | D:3      | Found a sacrificial altar of Ru.
  3676 | D:3      | Noticed Grinder
  3692 | D:3      | Paralysed by Grinder for 4 turns
  3703 | D:3      | Killed Grinder
  3703 | D:3      | Your scales start taking on an icy white colour.
  3703 | D:3      | Reached XP level 7. HP: 36/50 MP: 9/14
  3703 | D:3      | Gained mutation: Your flesh is cold resistant. (rC+) [White
                  | Draconian growth]
  4045 | D:3      | Reached skill level 5 in Spellcasting
  4157 | D:4      | Learned a level 4 spell: Hailstorm
  4452 | D:4      | Reached skill level 1 in Conjurations
  4640 | D:4      | Reached skill level 1 in Charms
  4803 | D:4      | Noticed Robin
  4810 | D:4      | Killed Robin
  4823 | D:4      | Reached XP level 8. HP: 45/57 MP: 4/15
  5173 | D:4      | Found Sauliema's Food Emporium.
  5457 | D:4      | Noticed Menkaure
  5466 | D:4      | Killed Menkaure
  5720 | D:5      | Entered Level 5 of the Dungeon
  5815 | D:5      | Found a runed translucent door.
  5821 | D:5      | Noticed Supaplex's ghost (novice DsFi)
  6508 | D:6      | Reached skill level 5 in Summonings
  6602 | D:6      | Found a staircase to the Ecumenical Temple.
  6803 | D:6      | Found Rexyf's General Store.
  6822 | Temple   | Entered the Ecumenical Temple
  7092 | Temple   | Became a worshipper of Sif Muna the Loreminder
  7146 | D:6      | Bought a scroll of acquirement for 572 gold pieces
  7277 | D:6      | Reached XP level 9. HP: 62/62 MP: 18/18
  7318 | D:6      | Found a shimmering altar of Xom.
  7985 | D:6      | Identified the +0 pair of boots of the Gastropod {MR+ MP-9
                  | Str+2} (You acquired it on level 6 of the Dungeon)
  7991 | D:6      | Bought a scroll of enchant weapon for 82 gold pieces
  7991 | D:6      | Bought a scroll of teleportation for 33 gold pieces
  8011 | D:7      | Noticed Harold
  8329 | D:7      | Reached skill level 1 in Fighting
  8329 | D:7      | Reached skill level 1 in Maces & Flails
  8360 | D:7      | Reached * piety under Sif Muna
  8551 | D:7      | Killed Harold
  8551 | D:7      | Reached skill level 3 in Maces & Flails
  8551 | D:7      | Reached skill level 10 in Ice Magic
  8794 | D:7      | Reached skill level 1 in Invocations
  8923 | D:7      | Noticed Maggie
  8938 | D:7      | Killed Maggie
  8938 | D:7      | Reached XP level 10. HP: 48/78 MP: 8/20
  9204 | D:7      | Reached skill level 4 in Maces & Flails
  9272 | D:7      | Reached ** piety under Sif Muna
 10020 | D:8      | Noticed Pikel
 10130 | D:8      | Reached skill level 5 in Maces & Flails
 10358 | D:8      | Killed Pikel
 10358 | D:8      | Reached skill level 5 in Invocations
 10504 | D:8      | Found a staircase to the Lair.
 10583 | D:8      | Reached skill level 5 in Dodging
 10590 | D:8      | Reached skill level 6 in Maces & Flails
 10844 | D:9      | Noticed Prince Ribbit
 10855 | D:9      | Killed Prince Ribbit
 10997 | D:9      | Noticed an eight-headed hydra
 11006 | D:9      | Killed an eight-headed hydra
 11006 | D:9      | Reached *** piety under Sif Muna
 11006 | D:9      | Reached XP level 11. HP: 82/84 MP: 10/21
 11528 | D:9      | Noticed a two-headed ogre
 11547 | D:9      | Killed a two-headed ogre
 11727 | D:10     | Entered Level 10 of the Dungeon
 12138 | D:10     | Reached skill level 7 in Maces & Flails
 12231 | D:10     | Noticed a two-headed ogre
 12239 | D:10     | Killed a two-headed ogre
 12351 | D:10     | Found a hazy altar of Hepliaklqana.
 12944 | Lair:1   | Entered Level 1 of the Lair of Beasts
 13046 | Lair:1   | Reached **** piety under Sif Muna
 13201 | Lair:1   | Noticed Nergalle
 13232 | Lair:1   | Got a coiled tin ring
 13233 | Lair:1   | Identified the ring of Ujotwuj {MP+9 Str+3} (You found it
                  | on level 1 of the Lair of Beasts)
 13647 | Lair:1   | Found a frozen archway.
 13660 | Lair:1   | Reached skill level 8 in Maces & Flails
 14027 | Lair:1   | Killed Nergalle
 14104 | Lair:1   | Identified RedPan's Volume of Supportive Transmigration
                  | (You acquired it on level 1 of the Lair of Beasts)
 14112 | Lair:1   | Identified the +3 dire flail of the Extremely Mad {venom,
                  | Dex+2} (You acquired it on level 1 of the Lair of Beasts)
 14136 | Lair:2   | Noticed a seven-headed hydra
 14161 | Lair:2   | Killed a seven-headed hydra
 14943 | Lair:3   | Noticed a six-headed hydra
 14956 | Lair:3   | Killed a six-headed hydra
 14956 | Lair:3   | Reached XP level 12. HP: 91/91 MP: 17/22
 15078 | Lair:3   | Reached skill level 1 in Shields
 15111 | Lair:3   | Found a staircase to the Snake Pit.
 15281 | Lair:3   | Reached skill level 9 in Maces & Flails
 15517 | Lair:3   | Noticed a six-headed hydra
 15529 | Lair:3   | Killed a six-headed hydra
 15565 | Lair:3   | Noticed a five-headed hydra
 15577 | Lair:3   | Killed a five-headed hydra
 15673 | Lair:3   | Found a staircase to the Swamp.
 16760 | Lair:4   | Noticed a six-headed hydra
 16770 | Lair:4   | Killed a six-headed hydra
 17096 | Lair:4   | Reached skill level 10 in Invocations
 17676 | Lair:4   | Reached ***** piety under Sif Muna
 17676 | Lair:4   | Identified Sif Muna's Reference Book on Orientation (Sif
                  | Muna gifted it to you on level 4 of the Lair of Beasts)
 17676 | Lair:4   | Received a gift from Sif Muna
 17804 | Lair:4   | Reached skill level 10 in Maces & Flails
 18927 | Lair:5   | Found a runed translucent door.
 18928 | Lair:5   | Found a viscous altar of Jiyva.
 18933 | Lair:5   | Noticed an acid blob
 19026 | Lair:5   | Noticed a five-headed hydra
 19033 | Lair:5   | Killed a five-headed hydra
 19033 | Lair:5   | Reached skill level 5 in Shields
 19033 | Lair:5   | Reached XP level 13. HP: 96/96 MP: 18/24
 19269 | Lair:5   | Found a staircase to the Slime Pits.
 19269 | Lair:5   | Noticed an acid blob
 19287 | Lair:6   | Entered Level 6 of the Lair of Beasts
 21685 | Lair:6   | Noticed a fire dragon
 21997 | Lair:6   | Found a large runed translucent door.
 21998 | Lair:6   | Found a large runed translucent door.
 22029 | Lair:6   | Killed a fire dragon
 22645 | D:11     | Found a radiant altar of Vehumet.
 22663 | D:11     | Reached skill level 5 in Fighting
 22691 | D:11     | Identified Sif Muna's Handbook of Attacks (Sif Muna gifted
                  | it to you on level 11 of the Dungeon)
 22691 | D:11     | Received a gift from Sif Muna
 23344 | D:11     | Reached skill level 11 in Maces & Flails
 23642 | D:11     | Noticed Snorg
 23659 | D:11     | Killed Snorg
 23659 | D:11     | Reached skill level 10 in Dodging
 23773 | D:11     | Found a roughly hewn altar of Beogh.
 23773 | D:11     | Found a staircase to the Orcish Mines.
 23987 | D:12     | Noticed Psyche
 23995 | D:12     | Identified Igoablya's Handbook of Summoning and
                  | Enhancements (Sif Muna gifted it to you on level 12 of the
                  | Dungeon)
 23995 | D:12     | Received a gift from Sif Muna
 24002 | D:12     | Killed Psyche
 24132 | D:12     | Learned a level 2 spell: Swiftness
 24830 | D:12     | Learned a level 2 spell: Passwall
 25041 | D:12     | Reached skill level 1 in Air Magic
 25554 | D:13     | Reached skill level 1 in Earth Magic
 25724 | D:13     | Noticed Urug
 25738 | D:13     | Killed Urug
 25738 | D:13     | Reached skill level 1 in Transmutations
 25738 | D:13     | Reached XP level 14. HP: 39/110 MP: 23/27
 26018 | D:13     | Found Vuptoekk's General Store.
 26454 | D:13     | Noticed Frances
 26474 | D:13     | Killed Frances
 27224 | D:13     | Got an ancient jade ring
 27390 | D:13     | Found a gate to the Vaults.
 27390 | D:13     | Noticed an ironheart preserver
 27406 | D:13     | Killed an ironheart preserver
 28638 | D:14     | Identified Sif Muna's Volume of Creative Curses (Sif Muna
                  | gifted it to you on level 14 of the Dungeon)
 28638 | D:14     | Received a gift from Sif Muna
 30240 | D:14     | Found Fenaotz's General Store.
 30260 | D:14     | Bought a potion of curing for 39 gold pieces
 30260 | D:14     | Bought a potion of curing for 39 gold pieces
 30260 | D:14     | Bought a scroll of teleportation for 39 gold pieces
 30260 | D:14     | Bought a potion of curing for 39 gold pieces
 30330 | D:14     | Noticed Nessos
 30375 | D:14     | Killed Nessos
 30534 | D:15     | Entered Level 15 of the Dungeon
 31392 | D:15     | Gained mutation: Your body sometimes deteriorates upon
                  | taking damage. [a shining eye]
 31994 | D:15     | Found a staircase to the Depths.
 32691 | Orc:1    | Entered Level 1 of the Orcish Mines
 32863 | Orc:2    | Entered Level 2 of the Orcish Mines
 33356 | Orc:2    | Received a gift from Sif Muna
 33660 | Orc:1    | Learned a level 6 spell: Statue Form
 33683 | Orc:2    | Reached skill level 12 in Maces & Flails
 33784 | Orc:2    | Found a staircase to the Elven Halls.
 33895 | Orc:2    | Found Wycowaol's Magic Scroll Shoppe.
 34074 | Orc:2    | Reached XP level 15. HP: 109/115 MP: 12/28
 34080 | Orc:2    | Reached skill level 10 in Spellcasting
 34084 | Orc:2    | Reached skill level 5 in Earth Magic
 34093 | Orc:2    | Reached skill level 5 in Transmutations
 34248 | Orc:2    | Found Ilic's General Store.
 34249 | Orc:2    | Found Ponaxury's Jewellery Shop.
 34254 | Orc:2    | Found Fimu's Distillery.
 34259 | Orc:2    | Identified the ring "Desytebbe" {+Fly rC+ rN+ Int+3} (You
                  | found it on level 13 of the Dungeon)
 34269 | Orc:2    | Bought a +2 cloak of poison resistance for 203 gold pieces
 34426 | Orc:2    | Bought 2 potions of magic for 176 gold pieces
 34436 | Orc:2    | Bought a potion of heal wounds for 55 gold pieces
 34436 | Orc:2    | Bought 2 potions of curing for 66 gold pieces
 34436 | Orc:2    | Bought a potion of might for 44 gold pieces
 34441 | Orc:2    | Bought a +2 amulet of reflection for 112 gold pieces
 34441 | Orc:2    | Bought a +3 ring of dexterity for 235 gold pieces
 34441 | Orc:2    | Bought an uncursed ring of stealth for 262 gold pieces
 34441 | Orc:2    | Bought an uncursed ring of poison resistance for 300 gold
                  | pieces
 34451 | Orc:2    | Noticed Saint Roka
 34482 | Orc:2    | HP: 3/115 [Saint Roka/+2 great mace of draining (38)]
 34490 | Orc:2    | HP: 4/115 [Saint Roka/divine providence (17)]
 34491 | Orc:2    | Killed from afar by Saint Roka

Levels and vault maps discovered:
D:1:      dpeg_arrival_caged_fury, layout_rooms
D:2:      layout_basic, minmay_pentomino_v4
D:3:      layout_basic, gammafunk_temple_overflow_pools,
          nicolae_ru_great_annihilating_truth, first_ration,
          gup_sewer_entry_bowl, roderic_batcave, uniq_grinder
D:4:      minmay_polygon_palace, layout_basic, serial_shops, shop_coins,
          minmay_misc_feat_iff, chequers_avenue, uniq_robin, uniq_menkaure
D:5:      layout_basic, ebering_ghost_inner_flame
D:6:      layout_basic, kennysheep_mini, minmay_temple_entry_arrows,
          serial_shops, shop_fountains
D:7:      layout_basic, grunt_livestock, grunt_decor_arrowhead,
          kennysheep_generic_room_2, uniq_maggie, uniq_harold
D:8:      layout_rooms, dpeg_oklobed_lair, minivault_11, glass_columns_a,
          uniq_pikel
D:9:      layout_rooms, uniq_prince_ribbit1
D:10:     layout_grid_maze, basic_altar, serial_glass, glass_columns_b,
          glass_columns_a, glass_columns_a, glass_columns_b,
          minmay_strange_pillars, item_on_display_a
D:11:     wad_pebble_path, layout_rooms, david_orc_5, basic_altar, uniq_snorg
D:12:     layout_irregular_city, kennysheep_island_fort, uniq_psyche
D:13:     layout_basic, skrybe_vaults_entry_preservation, serial_shops, shop,
          serial_bayou_pond_e, serial_bayou_lake_a, uniq_urug, uniq_frances
D:14:     layout_basic, serial_glass, glass_columns_a, glass_columns_a,
          minivault_23, serial_shops, nicolae_shop_crystal,
          kennysheep_big_empty_room, uniq_nessos
D:15:     hangedman_depths_entry_civil_slaughter, layout_long_grid,
          hangedman_decor_slide_cut, einodemon_barbed_minivault
Temple:   hc_temple_tempest_star
Lair:1:   beast_lair_carwin_large_1, layout_long_grid,
          portal_ice_cave_demonic_guard, uniq_nergalle
Lair:2:   layout_gridlike, chequers_serial_rivers_micro_a
Lair:3:   cheibrodos_magma_flow, layout_cave_shapes, palyth_hydra_swamp_entry,
          guppyfry_snake_entry_island
Lair:4:   layout_loops_ring
Lair:5:   layout_regular_city, slime_altar_2, chequers_serial_rivers_micro_d
Lair:6:   cheibrodos_lair_end_hotspot, layout_long_grid
Orc:1:    layout_caves
Orc:2:    st_orc_open, layout_caves, uniq_saint_roka

Skill      XL: |  1  2  3  4  5  6  7  8  9 10 11 12 13 14 15 |
---------------+----------------------------------------------+-----
Dodging        | 2 5 7 9 10 11 | 11.2
Stealth        | 2 |  2.0
Spellcasting   | 3 4 5 6 7 9 10 | 10.0
Ice Magic      | 5 7 8 9 10 | 10.2
Summonings     | 1 3 5 6 |  6.0
Conjurations   | 1 2 |  2.2
Charms         | 1 2 |  2.0
Fighting       | 4 6 |  6.2
Maces & Flails | 3 6 8 10 11 12 | 12.0
Invocations    | 2 6 8 10 | 10.0
Shields        | 5 7 8 |  8.9
Air Magic      | 1 3 |  3.0
Earth Magic    | 1 4 5 |  5.4
Transmutations | 1 4 5 |  5.2

Action                   |  1- 3 |  4- 6 |  7- 9 | 10-12 | 13-15 || total
-------------------------+-------+-------+-------+-------+-------++-------
Melee: Unarmed           |    36 |       |       |       |       ||    36
       Tailslap          |     5 |     4 |     6 |    19 |    96 ||   130
       Short sword       |    24 |    50 |     5 |       |       ||    79
       Quarterstaff      |       |       |    16 |       |       ||    16
       Mace              |       |       |    75 |    51 |       ||   126
       Whip              |       |       |       |   138 |    21 ||   159
       Dire flail        |       |       |       |    74 |       ||    74
       Flail             |       |       |       |       |   575 ||   575
 Cast: Freeze            |    51 |    59 |   100 |   102 |    59 ||   371
       Frozen Ramparts   |       |    15 |    34 |    91 |   128 ||   268
       Summon Ice Beast  |       |       |    15 |   112 |   242 ||   369
       Ozocubu's Armour  |       |       |     2 |    11 |    27 ||    40
       Hailstorm         |       |       |       |    14 |    76 ||    90
       Swiftness         |       |       |       |       |     1 ||     1
Invok: Channel Magic     |       |       |       |     1 |     3 ||     4
 Abil: Breathe Frost     |       |       |       |       |     3 ||     3
  Use: Scroll            |     6 |     2 |     9 |    11 |     9 ||    37
       Potion            |       |     4 |     5 |     1 |    11 ||    21
 Stab: Sleeping          |     2 |       |     5 |     4 |     2 ||    13
       Invisible         |       |       |     1 |       |     1 ||     2
       Distracted        |       |       |       |     2 |     9 ||    11
  Eat: Chunk             |     2 |     9 |    16 |    56 |    71 ||   154
       Ration            |       |       |     1 |     1 |       ||     2
Armor: Skin              |    43 |    27 |    84 |    96 |   166 ||   416
Dodge: Dodged            |    86 |    59 |   133 |   266 |   508 ||  1052
Block: Buckler           |       |       |       |     4 |   178 ||   182

Table legend:
 A = Non-vault XP
 B = Vault XP
 C = Vault XP percentage of total XP
 D = Non-vault monster count
 E = Vault monster count
 F = Vault count percentage of total count
                 A         B        C        D         E       F
            +---------+---------+-------+---------+---------+-------
      Total |   70970 |   43186 |  37.8 |     575 |     223 |  27.9
            +---------+---------+-------+---------+---------+-------
        D:1 |      56 |       0 |   0.0 |      26 |       0 |   0.0
        D:2 |      81 |      29 |  26.4 |      28 |       3 |   9.7
        D:3 |     144 |     443 |  75.5 |       5 |      16 |  76.2
        D:4 |     144 |     444 |  75.5 |      14 |      25 |  64.1
        D:5 |     512 |       0 |   0.0 |      12 |       0 |   0.0
        D:6 |    1069 |       0 |   0.0 |      30 |       0 |   0.0
        D:7 |    1658 |    2209 |  57.1 |      40 |       8 |  16.7
        D:8 |    2311 |     534 |  18.8 |      29 |       1 |   3.3
        D:9 |    2210 |     274 |  11.0 |      19 |       1 |   5.0
       D:10 |    2565 |       0 |   0.0 |      33 |       0 |   0.0
       D:11 |    5192 |    1958 |  27.4 |      47 |      24 |  33.8
       D:12 |    5524 |     549 |   9.0 |      57 |       2 |   3.4
       D:13 |    7860 |    4867 |  38.2 |      33 |      11 |  25.0
       D:14 |   10718 |    1227 |  10.3 |      40 |       1 |   2.4
       D:15 |    3682 |    6202 |  62.7 |      14 |      16 |  53.3
     Lair:1 |    1711 |    2061 |  54.6 |      10 |      11 |  52.4
     Lair:2 |    2653 |       0 |   0.0 |      11 |       0 |   0.0
     Lair:3 |    3959 |    3046 |  43.5 |      19 |      13 |  40.6
     Lair:4 |    6416 |       0 |   0.0 |      31 |       0 |   0.0
     Lair:5 |    3741 |     151 |   3.9 |      17 |       1 |   5.6
     Lair:6 |    4998 |    5753 |  53.5 |      25 |      26 |  51.0
      Orc:1 |     605 |       0 |   0.0 |       2 |       0 |   0.0
      Orc:2 |    3161 |   13142 |  80.6 |      33 |      45 |  57.7
      Sewer |       0 |     297 | 100.0 |       0 |      19 | 100.0
            +---------+---------+-------+---------+---------+-------
